 Dungeon Crawl Stone Soup version 0.31.0-9-g3a7656b989 (webtiles) character file.

Game seed: 3662026385121137117

706 qw the Skirmisher (level 7, 0/40 HPs)
             Began as a Deep Elf Hunter on Feb 3, 2024.
             Was an Initiate of Okawaru.
             Slain by an iguana (10 damage)
             ... on level 4 of the Dungeon.
             The game lasted 00:00:19 (3728 turns).

qw the Skirmisher (Deep Elf Hunter)                 Turns: 3728, Time: 00:00:19

Health: 0/40       AC:  7    Str: 10    XL:     7   Next: 39%
Magic:  9/9        EV: 12    Int: 14    God:    Okawaru [......]
Gold:   136        SH:  0    Dex: 18    Spells: 6/6 levels left

rFire   . . .        a - +0 shortbow
rCold   . . .        (shield currently unavailable)
rNeg    . . .        j - +0 ring mail
rPois   +            f - +0 helmet
rElec   .            d - scarf {repulsion}
rCorr   .            (no gloves)
SInv    .            n - +0 pair of boots
Will    .....        (no amulet)
Stlth   +            c - ring of poison resistance
HPRegen 0.26/turn    (no ring)
MPRegen 0.11/turn

%: repel missiles
@: about to teleport
A: no striking features
a: Renounce Religion


You were on level 4 of the Dungeon.
You worshipped Okawaru.
Okawaru was noncommittal.
You visited 2 branches of the dungeon, and saw 5 of its levels.

You collected 136 gold pieces.


   Skills:
 - Level 2.2 Fighting
 + Level 10.3 Ranged Weapons
 - Level 1.1 Armour
 - Level 5.0 Dodging
 - Level 1.2 Stealth


You had 6 spell levels left.
You didn't know any spells.
Your spell library was empty.

Inventory:

Hand Weapons
 a - a +0 shortbow (weapon)
Armour
 d - a scarf of repulsion (worn)
 f - a +0 helmet (worn)
 j - a +0 ring mail (worn)
 n - a +0 pair of boots (worn)
Jewellery
 c - a ring of poison resistance (left hand)
 p - a ring of willpower
Scrolls
 b - a scroll of identify
 e - 2 scrolls of teleportation
 g - a scroll of immolation {unknown}
Potions
 h - a potion of might
 i - a potion of enlightenment {unknown}
 k - a potion of degeneration {unknown}
 l - a potion of heal wounds {unknown}
 m - a potion of curing
 o - a potion of mutation {unknown}
 r - a potion of cancellation {unknown}

Dungeon Overview and Level Annotations

Branches:
Dungeon (4/15)             Temple (1/1) D:4

Altars:
Cheibriados
Elyvilon
Fedhas
Hepliaklqana
Kikubaaqudgha
Nemelex Xobeh
Okawaru
Qazlal
Trog
Uskayaw
Vehumet
Wu Jian
Xom
Zin
The Shining One


Message History

The arrow barely misses the iguana.
The scorpion stings you.
You shoot an arrow. The arrow barely misses the scorpion.
The arrow hits the iguana but does no damage.
The scorpion misses you.
You shoot an arrow. The arrow hits the scorpion!
You kill the scorpion!
Okawaru accepts your kill.
You shoot an arrow. The arrow completely misses the iguana.
The iguana bites you!
You shoot an arrow. The arrow completely misses the iguana.
The iguana closely misses you.
You shoot an arrow. The arrow barely misses the iguana.
The iguana barely misses you.
You shoot an arrow.
The arrow hits the iguana but does no damage.
The iguana barely misses you.
You shoot an arrow. The arrow barely misses the iguana.
The iguana misses you.
You shoot an arrow.
The arrow hits the iguana but does no damage.
The iguana bites you.
You shoot an arrow. The arrow closely misses the iguana.
The iguana bites you.
You shoot an arrow. The arrow barely misses the iguana.
The iguana bites you but does no damage.
You shoot an arrow.
The arrow hits the iguana but does no damage.
The iguana bites you.
You shoot an arrow.
The arrow hits the iguana but does no damage.
The iguana completely misses you.
You shoot an arrow. The arrow hits the iguana.
The iguana is lightly wounded.
The iguana bites you!
3728 ||| READING 3 scrolls of teleportation.
As you read the scroll of teleportation, it crumbles to dust.
You feel strangely unstable. The iguana bites you!
You die...

#...l.....
#.........
#..%...... .
#......... #.. #
#......... ..#
#.#......... ...
#........... #.#
#l# .# # #@# #.##..
#.# .....
#######.## ..# .#
.?.......# ..##..#
.........# .......
.........#
......##..........#
#####.##.#######'##
# #.........[...##


You could see an iguana.

Vanquished Creatures
  Grinder (D:4)
  A phantom (D:4)
  3 scorpions (D:4)
  A jelly (D:3)
  An iguana (D:3)
  An orc priest (D:4)
  A hound (D:4)
  5 adders
  4 dart slugs
  2 ribbon worms
  6 orcs
  5 ball pythons
  6 bats
  8 endoplasms
  8 giant cockroaches
  7 goblins
  2 hobgoblins (D:4)
  3 quokkas
  2 frilled lizards (D:1)
  9 kobolds
  3 rats (D:1)
79 creatures vanquished.

Notes
Turn   | Place    | Note
-------+----------+-------------------------------------------
     0 | D:1      | qw the Deep Elf Hunter began the quest for the Orb.
     0 | D:1      | Reached XP level 1. HP: 12/12 MP: 3/3
     0 | D:1      | 0 ||| qw: Version: 0.3-a-155-g5e7d8dd
     0 | D:1      | 0 ||| qw: Game counter: 2897
     0 | D:1      | 0 ||| qw: Melee chars always use a shield: true
     0 | D:1      | 0 ||| qw: God list: Okawaru
     0 | D:1      | 0 ||| qw: Allow faded altars: false
     0 | D:1      | 0 ||| qw: Do Orc after clearing Dungeon:15 true
     0 | D:1      | 0 ||| qw: Do second Lair branch before Depths: true
     0 | D:1      | 0 ||| qw: Lair rune preference: random
     0 | D:1      | 0 ||| qw: Goals: Normal
     0 | D:1      | 0 ||| PLANNING D:1-11
   104 | D:1      | Reached skill level 6 in Ranged Weapons
   104 | D:1      | Reached XP level 2. HP: 12/16 MP: 4/4
   495 | D:1      | Reached XP level 3. HP: 18/20 MP: 5/5
   736 | D:1      | 736 ||| UPGRADING to scarf of repulsion.
   741 | D:1      | 741 ||| UPGRADING to +0 helmet.
   746 | D:1      | 746 ||| DROPPING scroll of butterflies.
  1033 | D:2      | HP: 5/20 [poisoned by an adder]
  1034 | D:2      | Reached skill level 7 in Ranged Weapons
  1036 | D:2      | HP: 2/20 [poisoned by an adder]
  1461 | D:2      | Reached XP level 4. HP: 25/25 MP: 6/6
  1727 | D:2      | 1727 ||| READING 4 scrolls labelled XUTZOU JECLI.
  1728 | D:2      | 1728 ||| READING scroll labelled ACASTO BAONEC.
  1728 | D:2      | 1728 ||| IDENTIFYING fizzy white potion
  1729 | D:2      | 1729 ||| DRINKING 2 murky clear potions.
  1730 | D:2      | 1730 ||| DROPPING potion of lignification.
  1731 | D:2      | 1731 ||| DROPPING 3 scrolls of poison.
  1733 | D:2      | 1733 ||| Stepping ~*~*~tactically~*~*~ (cloud).
  1734 | D:2      | 1734 ||| DRINKING potion of curing.
  1734 | D:2      | 1734 ||| (to cure poison)
  1850 | D:3      | Reached skill level 8 in Ranged Weapons
  2257 | D:3      | Reached XP level 5. HP: 29/29 MP: 7/7
  2443 | D:3      | 2443 ||| UPGRADING to +0 scale mail.
  2453 | D:3      | 2453 ||| DROPPING +0 leather armour.
  2454 | D:3      | 2454 ||| UPGRADING to +0 pair of boots.
  2459 | D:3      | 2459 ||| READING 3 scrolls labelled MAECEJUW ROTEU.
  2463 | D:3      | 2463 ||| READING scroll labelled ORYDOM DUIC.
  2464 | D:3      | 2464 ||| READING 2 scrolls labelled SUMIWA DYOFIE.
  2465 | D:3      | 2465 ||| READING scroll labelled IQINEITOI.
  2566 | D:3      | 2566 ||| READING scroll labelled VUADUE TAIMULIR.
  2620 | D:3      | 2620 ||| DRINKING 2 fizzy red potions.
  2621 | D:3      | 2621 ||| DRINKING 2 murky pink potions.
  2622 | D:3      | 2622 ||| DROPPING scroll of revelation.
  2654 | D:4      | 2654 ||| STAIRDANCE
  2662 | D:4      | 2662 ||| STAIRDANCE
  2671 | D:3      | Reached skill level 1 in Armour
  2724 | D:4      | 2724 ||| STAIRDANCE
  2762 | D:4      | 2762 ||| STAIRDANCE
  2810 | D:4      | 2810 ||| STAIRDANCE
  2818 | D:4      | 2818 ||| STAIRDANCE
  2952 | D:4      | Noticed a phantom
  2953 | D:4      | 2953 ||| DRINKING potion of haste.
  2964 | D:4      | Killed a phantom
  2965 | D:4      | Reached skill level 9 in Ranged Weapons
  2965 | D:4      | Reached XP level 6. HP: 28/34 MP: 8/8
  3107 | D:4      | Found a staircase to the Ecumenical Temple.
  3108 | D:4      | 3108 ||| PLANNING TEMPLE
  3108 | D:4      | 3108 ||| UPGRADING to +0 ring mail.
  3118 | D:4      | 3118 ||| DROPPING +0 scale mail.
  3119 | D:4      | 3119 ||| UPGRADING to ring of poison resistance.
  3120 | D:4      | 3120 ||| READING scroll labelled QUQAEKHAPUI.
  3132 | D:4      | 3132 ||| RETREEEEATING.
  3161 | D:4      | Reached skill level 10 in Ranged Weapons
  3260 | Temple   | Entered the Ecumenical Temple
  3261 | Temple   | 3261 ||| PLANNING OKAWARU WORSHIP
  3268 | Temple   | Became a worshipper of Warmaster Okawaru
  3269 | Temple   | 3269 ||| PLANNING D:1-11
  3503 | D:4      | Noticed Grinder
  3511 | D:4      | Paralysed by Grinder for 3 turns
  3518 | D:4      | 3518 ||| FLEEEEING.
  3519 | D:4      | 3519 ||| FLEEEEING.
  3520 | D:4      | 3520 ||| FLEEEEING.
  3521 | D:4      | 3521 ||| FLEEEEING.
  3522 | D:4      | 3522 ||| FLEEEEING.
  3522 | D:4      | Paralysed by Grinder for 5 turns
  3527 | D:4      | 3527 ||| FLEEEEING.
  3528 | D:4      | 3528 ||| FLEEEEING.
  3536 | D:4      | 3536 ||| FLEEEEING.
  3537 | D:4      | 3537 ||| FLEEEEING.
  3538 | D:4      | 3538 ||| FLEEEEING.
  3539 | D:4      | 3539 ||| FLEEEEING.
  3540 | D:4      | 3540 ||| FLEEEEING.
  3541 | D:4      | 3541 ||| FLEEEEING.
  3542 | D:4      | 3542 ||| FLEEEEING.
  3543 | D:4      | 3543 ||| FLEEEEING.
  3547 | D:4      | Killed Grinder
  3548 | D:4      | Reached XP level 7. HP: 16/40 MP: 9/9
  3708 | D:4      | 3708 ||| RETREEEEATING.
  3727 | D:4      | HP: 10/40 [iguana (10)]
  3728 | D:4      | 3728 ||| READING 3 scrolls of teleportation.
  3728 | D:4      | Slain by an iguana

Levels and vault maps discovered:
D:1:      wheals_arrival_linesprint, layout_basic
D:2:      layout_basic, feat_on_display
D:3:      layout_basic
D:4:      layout_basic, minmay_temple_entry_stoned_glass,
          kennysheep_nondescript, uniq_grinder
Temple:   bh_familiar_temple

Skill      XL: |  1  2  3  4  5  6 |
---------------+-------------------+-----
Ranged Weapons | 6 7 8 9 10 | 10.3
Armour         | 1 |  1.1
Fighting       | 2 |  2.2
Dodging        | 5 |  5.0
Stealth        | |  1.2

Action                     |  1- 3 |  4- 6 |  7- 9 || total
---------------------------+-------+-------+-------++-------
   Fire: Shortbow          |   113 |   181 |    22 ||   316
    Use: Scroll            |       |     8 |     1 ||     9
         Potion            |       |     5 |       ||     5
 Armour: Leather armour    |    29 |     3 |       ||    32
         Scale mail        |       |    32 |       ||    32
         Ring mail         |       |    33 |     9 ||    42
  Dodge: Dodged            |    23 |    41 |     8 ||    72
         Repelled          |     1 |     1 |       ||     2

Table legend:
 A = Non-vault XP
 B = Vault XP
 C = Vault XP percentage of total XP
 D = Non-vault monster count
 E = Vault monster count
 F = Vault count percentage of total count
                 A         B        C        D         E       F
            +---------+---------+-------+---------+---------+-------
      Total |     719 |     290 |  28.7 |      78 |       1 |   1.3
            +---------+---------+-------+---------+---------+-------
        D:1 |      44 |       0 |   0.0 |      24 |       0 |   0.0
        D:2 |      62 |       0 |   0.0 |      18 |       0 |   0.0
        D:3 |     157 |       0 |   0.0 |      22 |       0 |   0.0
        D:4 |     456 |     290 |  38.9 |      14 |       1 |   6.7
            +---------+---------+-------+---------+---------+-------
